 Dungeon Crawl Stone Soup version 0.32-a0-868-g153ae1a8d6 (webtiles) character file.

Game seed: 3198887121532877608

163 KennySheep the Conjurer (level 5, 0/28 HPs)
             Began as a Deep Elf Conjurer on Mar 28, 2024.
             Was a Believer of Nemelex Xobeh.
             Slain by Sigmund
             ... wielding a +0 scythe
              (4 damage)
             ... on level 3 of the Dungeon.
             The game lasted 00:04:56 (2412 turns).

KennySheep the Conjurer (Deep Elf Conjurer)         Turns: 2412, Time: 00:04:57

Health: 0/28       AC:  4    Str:  4    XL:     5   Next: 20%
Magic:  6/13       EV: 11    Int: 25    God:    Nemelex Xobeh [**....]
Gold:   122        SH:  0    Dex: 13    Spells: 9/12 levels left

rFire   . . .        c - staff of conjuration
rCold   . . .        v - orb {*channel}
rNeg    . . .        a - +0 robe
rPois   .            (no helmet)
rElec   .            (no cloak)
rCorr   .            p - +0 pair of gloves
SInv    .            i - +0 pair of boots
Will    .....        (no amulet)
Stlth   ++           (no ring)
HPRegen 0.24/turn    (no ring)
MPRegen 0.13/turn

%: channel magic (20%)
@: no status effects
A: no striking features
a: Renounce Religion, Draw Escape, Draw Destruction, Draw Summoning


You were on level 3 of the Dungeon.
You worshipped Nemelex Xobeh.
Nemelex Xobeh was pleased with you.
You visited 1 branch of the dungeon, and saw 3 of its levels.

You collected 122 gold pieces.

Inventory:

Armour
 a - a +0 robe (worn)
 i - a +0 pair of boots (worn)
 p - a +0 pair of gloves (worn)
 v - an orb of energy (worn)
Magical Staves
 c - a staff of conjuration (weapon)
Jewellery
 m - the ring "Tag Gol" {rN+ rCorr Str+7 Slay+4}
   (You found it on level 2 of the Dungeon)

   [ring of slaying]

   Str+7:     It affects your strength (+7).
   Slay+4:    It affects your accuracy & damage with ranged weapons and melee
   (+4).
   rN+:       It protects you from negative energy.
   rCorr:     It protects you from acid and corrosion.
 u - a ring of positive energy
Wands
 k - a wand of iceblast (3)
Scrolls
 e - a scroll of enchant armour {unknown}
 f - 2 scrolls of identify {unknown}
 j - a scroll of amnesia {unknown}
 n - a scroll of noise {unknown}
 o - a scroll of fear
 q - 2 scrolls of immolation {unknown}
 r - a scroll of poison {unknown}
 s - a scroll of teleportation {unknown}
 t - a scroll of summoning {unknown}
 x - a scroll of brand weapon {unknown}
Potions
 b - a potion of magic
 d - a potion of enlightenment
 g - a potion of lignification
 h - a potion of brilliance
 l - 2 potions of invisibility {unknown}
 w - a potion of heal wounds {unknown}


   Skills:
 - Level 2.4 Dodging
 - Level 2.4 Stealth
 + Level 4.4 Spellcasting
 * Level 6.0 Conjurations
 + Level 2.4 Translocations


You had 9 spell levels left.
You knew the following spells:

 Your Spells              Type           Power      Damage    Failure   Level
a - Magic Dart            Conj           100%       1d8       4%          1
b - Searing Ray           Conj           100%       2d8       5%          2

Your spell library contained the following spells:

 Spells                   Type           Power      Damage    Failure   Level
 Iskenderun's Mystic Bla Conj/Tloc 40%            2d9        (+2d5     34%         4
 Fulminant Prism          Conj/Alch      15%        3d10      47%         4


Dungeon Overview and Level Annotations

Branches:
Dungeon (3/15)

Altars:
Dithmenos
Fedhas
Nemelex Xobeh
Qazlal

Annotations:
D:3 Sigmund


Message History

Sigmund gestures wildly while chanting.
Sigmund flickers and vanishes!
Deactivating autopickup; reactivate with Ctrl-A.
You see here 11 gold pieces.
There is a strange disturbance nearby!
There is a strange disturbance nearby!
Aiming: Magic Dart (safe; 4% risk of failure)
Press: ? - help, Q - select action, (/) - cycle Shift-Dir - straight line, f - you You feel a surge of power!
Okay, then.
Something hits you.
Casting: Magic Dart (safe; 4% risk of failure)
Confirm with . or Enter, or press ? or * to list all spells.
You can't see any susceptible monsters within range! (Use Z to cast anyway.)
Casting: Magic Dart (safe; 4% risk of failure)
Confirm with . or Enter, or press ? or * to list all spells.
Aiming: Searing Ray (safe; 5% risk of failure)
Press: ? - help, Shift-Dir - straight line You feel a surge of power! (Press . to maintain the ray.) Magical energy flows into your mind!
A puff of flame appears from out of thin air!
The puff of flame hits you.
The searing ray hits something!
Something hits you.
You finish channelling your searing ray.
Something hits you!
Casting: Searing Ray (safe; 5% risk of failure)
Confirm with . or Enter, or press ? or * to list all spells.
You don't know that spell.
Casting: Searing Ray (safe; 5% risk of failure)
Confirm with . or Enter, or press ? or * to list all spells.
Aiming: Searing Ray (safe; 5% risk of failure)
Press: ? - help, Shift-Dir - straight line You feel a surge of power!
The searing ray hits something! (Press . to maintain the ray.)
Something hits you.
* * * LOW HITPOINT WARNING * * *
The searing ray hits something!
Something hits you.
You die...
Your body glows slightly and disappears.

#.# #......##............
##.###.#..................
#.......#.................
#.#.....#.................
##.#.....###..#..<.........
#........................<.
############..>.##.....##..
#####..##.........#).
#.{.@.#####...#......
#######.##########..#######
........#..............####
##.....$..# #######....##..
########## #.......#
#....#### #....# ######


There were no monsters in sight!

Vanquished Creatures
  A bombardier beetle (D:3)
  Natasha (twice) (D:2)
  4 adders
  2 ribbon worms
  2 ball pythons (D:3)
  4 bats
  2 endoplasms (D:1)
  3 giant cockroaches
  7 goblins
  4 hobgoblins
  A quokka (D:1)
  4 frilled lizards
  3 kobolds
  2 rats
41 creatures vanquished.

Notes
Turn   | Place    | Note
-------+----------+-------------------------------------------
     0 | D:1      | KennySheep the Deep Elf Conjurer began the quest for the
                  | Orb.
     0 | D:1      | Reached XP level 1. HP: 10/10 MP: 6/6
   250 | D:1      | Reached XP level 2. HP: 14/15 MP: 1/8
   336 | D:1      | Found a faded altar of an unknown god.
   386 | D:1      | Prayed at the altar of an unknown god.
   386 | D:1      | Became a worshipper of Nemelex Xobeh the Trickster
   386 | D:1      | Reached * piety under Nemelex Xobeh
   386 | D:1      | Received a gift from Nemelex Xobeh
   671 | D:1      | Reached skill level 1 in Translocations
  1149 | D:2      | Identified the ring "Tag Gol" {rN+ rCorr Str+7 Slay+4}
  1152 | D:2      | Reached skill level 5 in Conjurations
  1152 | D:2      | Reached XP level 3. HP: 19/19 MP: 8/10
  1175 | D:2      | Learned a level 2 spell: Searing Ray
  1383 | D:2      | Noticed Natasha
  1386 | D:2      | Killed Natasha
  1643 | D:2      | Noticed Natasha
  1650 | D:2      | Killed Natasha
  1651 | D:2      | Reached XP level 4. HP: 24/24 MP: 6/12
  1932 | D:3      | Reached XP level 5. HP: 28/28 MP: 10/13
  1991 | D:3      | Found a stormy altar of Qazlal.
  1991 | D:3      | Reached ** piety under Nemelex Xobeh
  1991 | D:3      | Found a blossoming altar of Fedhas.
  1992 | D:3      | Found a shadowy altar of Dithmenos.
  2329 | D:3      | Reached skill level 6 in Conjurations
  2400 | D:3      | Noticed Sigmund
  2412 | D:3      | Slain by Sigmund

Illustrated notes

Levels and vault maps discovered:
D:1:      moated_graveyard_arrival, layout_loops_cross,
          ebering_ecumenical_altar_mist, hangedman_decor_opposing,
          kennysheep_small_spiral
D:2:      layout_rooms, uniq_natasha
D:3:      layout_rooms, gammafunk_temple_overflow_claw, minmay_unequal,
          uniq_sigmund

Skill      XL: |  1  2  3  4  5 |
---------------+----------------+-----
Translocations | 1 2 |  2.4
Conjurations   | 5 6 |  6.0
Spellcasting   | 4 |  4.4
Dodging        | |  2.4
Stealth        | |  2.4

Action                     |  1- 3 |  4- 6 || total
---------------------------+-------+-------++-------
  Melee: Staff             |     7 |       ||     7
   Cast: Magic Dart        |    57 |    35 ||    92
         Searing Ray       |       |     2 ||     2
    Use: Potion            |       |     3 ||     3
         Scroll            |       |     1 ||     1
   Stab: Sleeping          |     1 |       ||     1
 Armour: Robe              |    10 |     6 ||    16
  Dodge: Dodged            |    11 |     3 ||    14

Table legend: (Time is in decaauts)
 A = Elapsed time spent in this place.
 B = Non-inter-level travel time spent in this place.
 C = Inter-level travel time spent in this place.
 D = Time resting spent in this place.
 E = Time spent auto-exploring this place.
 F = Levels seen in this place.
 G = Mean time per level.
                   A        B        C        D        E       F      G
               +--------+--------+--------+--------+--------+-----+--------+
         Total |   2412 |   2285 |    127 |    187 |   1820 |   3 |  804.0 |
       Dungeon |   2412 |   2285 |    127 |    187 |   1820 |   3 |  804.0 |
               +--------+--------+--------+--------+--------+-----+--------+

Top non-repeatable levels by time:
     D:1: 1072 daAuts
     D:2: 747 daAuts
     D:3: 591 daAuts
